 Dungeon Crawl Stone Soup version 0.28-a0-586-gbdb9d174a4 (webtiles) character file.

Game seed: 5743870562575348419

49 KristoblXynda the Slasher (level 3, -7/30 HPs)
             Began as a Draconian Gladiator on Oct 3, 2021.
             Splashed by a jelly's acid (9 damage)
             ... on level 2 of the Dungeon.
             The game lasted 00:01:48 (1868 turns).

KristoblXynda the Slasher (Draconian Gladiator)     Turns: 1868, Time: 00:01:49

Health: -7/30      AC:  5    Str: 16    XL:     3   Next: 51%
Magic:  3/3        EV: 12    Int:  9    God:
Gold:   58         SH:  0    Dex: 12    Spells: 2/2 levels left

rFire   . . .      SeeInvis .   a - +0 long sword
rCold   . . .      Faith    .   (no shield)
rNeg    . . .      Spirit   .   (armour unavailable)
rPois   .          Reflect  .   b - +0 hat
rElec   .          Harm     .   (no cloak)
rCorr   .          Rampage  .   (no gloves)
Will    .....                   (no boots)
Stlth   +.........              (no amulet)
HPRegen 0.10/turn               (no ring)
MPRegen 0.08/turn               (no ring)

@: no status effects
A: AC +5, unfitting armour, cold-blooded
a: no special abilities


You were on level 2 of the Dungeon.
You visited 1 branch of the dungeon, and saw 2 of its levels.

You collected 58 gold pieces.

Inventory:

Hand Weapons
 a - a +0 long sword (weapon)
Missiles
 c - 3 throwing nets (quivered)
Armour
 b - a +0 hat (worn)
Scrolls
 d - 2 scrolls of identify {unknown}
 e - a scroll of vulnerability {unknown}
 i - 2 scrolls of enchant armour {unknown}
Potions
 f - a potion of curing {unknown}
 g - 2 potions of haste {unknown}
 h - a potion of might {unknown}
 j - 2 potions of heal wounds {unknown}


   Skills:
 + Level 2.8 Fighting
 * Level 3.5 Long Blades
 - Level 2.2 Throwing
 + Level 3.1 Dodging


You had 2 spell levels left.
You didn't know any spells.
Your spell library was empty.

Dungeon Overview and Level Annotations

Branches:
Dungeon (2/15)

Altars:


Innate Abilities, Weirdness & Mutations

Your plain brown scales are hard. (AC +5)
You cannot fit into any form of body armour.
You are cold-blooded and may be slowed by cold attacks.


Message History

You are too injured to fight recklessly!
Unknown command.
The quokka bites you but does no damage.
The quokka bites you.
You slash the quokka!
You kill the quokka!
You barely miss the frilled lizard.
The frilled lizard bites you but does no damage.
You closely miss the frilled lizard. You tail-slap the frilled lizard.
You kill the frilled lizard!
You see here a quokka corpse.
You see here a quokka corpse.
Unknown command.
You start resting.
HP restored.
Found a dagger.
You see here a +0 dagger.
A jelly comes into view.
The jelly quivers.
A ball python comes into view.
Found 16 stones.
You slash the jelly!
Your hands burn!
The jelly is heavily wounded.
The jelly hits you.
You are splashed with acid!
You hit the jelly. The acid corrodes you!
Your hands burn!
The jelly is severely wounded.
The jelly hits you.
You are splashed with acid!
* * * LOW HITPOINT WARNING * * *
You see here a +0 dagger.
The jelly jiggles.
You are no longer corroded.
A hobgoblin comes into view.
The hobgoblin shouts!
The hobgoblin hits you but does no damage.
You hit the hobgoblin.
You kill the hobgoblin!
The jelly hits you.
* * * LOW HITPOINT WARNING * * *
You are splashed with acid!
You die...

..###.......#.#####.##.# #.#
##.._....†..........##.##
#.#
####.......#.#######...###.#
#.#.....#.#.######.###.##.#
###.....###.#........#
#....# ..#.#.#.#
#.########†###.####
###8#.^8# #.# ##...##
####### #.####### ##.##
#....†@.# #.###### #######J#
#......# #S# ######.# #.#
#.# #.# #.## # ##..### #..
#.....#


You could see a jelly and a ball python.

Vanquished Creatures
  An adder (D:2)
  A dart slug (D:2)
  5 endoplasms (D:1)
  2 giant cockroaches (D:1)
  2 goblins
  5 hobgoblins
  3 kobolds (D:1)
  2 quokkas
  4 ball pythons
  4 bats (D:1)
  4 frilled lizards
  4 rats
37 creatures vanquished.

Notes
Turn   | Place    | Note
-------+----------+-------------------------------------------
     0 | D:1      | KristoblXynda the Draconian Gladiator began the quest for
                  | the Orb.
     0 | D:1      | Reached XP level 1. HP: 17/17 MP: 1/1
   318 | D:1      | Reached XP level 2. HP: 19/25 MP: 2/2
   998 | D:1      | Reached XP level 3. HP: 20/30 MP: 3/3
  1248 | D:2      | Found a faded altar of an unknown god.
  1868 | D:2      | Splashed by a jelly's acid

Illustrated notes

Levels and vault maps discovered:
D:1:      elethiomel_arrival_maze, layout_loops_ring
D:2:      layout_loops_ring, shapermc_ecumenical_altar_mp_highgroup

Skill      XL: |  1  2 |
---------------+-------+-----
Throwing       | 2 |  2.2
Dodging        | 3 |  3.1
Fighting       | |  2.8
Long Blades    | |  3.5

Action                   || total
-------------------------++-------
Melee: Long sword        ||    92
       Tailslap          ||     5
 Stab: Sleeping          ||     2
Armor: Skin              ||    37
Dodge: Dodged            ||    72

Table legend: (Time is in decaauts)
 A = Elapsed time spent in this place.
 B = Non-inter-level travel time spent in this place.
 C = Inter-level travel time spent in this place.
 D = Time resting spent in this place.
 E = Time spent auto-exploring this place.
 F = Levels seen in this place.
 G = Mean time per level.
                   A        B        C        D        E       F      G
               +--------+--------+--------+--------+--------+-----+--------+
         Total |   1889 |   1878 |     11 |    157 |   1464 |   2 |  944.5 |
       Dungeon |   1889 |   1878 |     11 |    157 |   1464 |   2 |  944.5 |
               +--------+--------+--------+--------+--------+-----+--------+

Top non-repeatable levels by time:
     D:1: 1249 daAuts
     D:2: 640 daAuts
